 Dungeon Crawl Stone Soup version 0.29-a0-82-g837932c90e (webtiles) character file.

Game seed: 11865059524957754018

4440 GrayStillPlays the Transmogrifier (level 10, -9/114 HPs)
             Began as a Merfolk Transmuter on Feb 4, 2022.
             Was a Follower of Ashenzari.
             Mangled by a two-headed ogre (12 damage)
             ... on level 9 of the Dungeon.
             The game lasted 00:44:10 (12715 turns).

GrayStillPlays the Transmogrifier (MfTm)           Turns: 12715, Time: 00:44:11

Health: -9/114     AC: 28    Str: 11    XL:     10   Next: 37%
Magic:  19/20      EV:  2    Int: 17    God:    Ashenzari [*.....]
Gold:   447        SH:  0    Dex: 20    Spells: 16/22 levels left

rFire   + . .      SeeInvis .   l - +8 lance "Wyrmbane" {slay drac, rPois rF+ rC+ AC+3}
rCold   + . .      Faith    +   (no shield)
rNeg    . . .      Spirit   .   (armour currently unavailable)
rPois   +          Reflect  .   (helmet currently unavailable)
rElec   .          Harm     .   (cloak currently unavailable)
rCorr   .          Rampage  .   (gloves currently unavailable)
Will    .....      NoTele   +   (boots currently unavailable)
Stlth   ++........              y - amulet of faith {!P}
HPRegen 0.29/turn               I - +6 ring of dexterity
MPRegen 0.17/turn               (no ring)

@: tree-form, wereblooded
A: stationary, stasis, torment immunity, boosted hp, (nimble swimmer 2),
(mertail)
a: Renounce Religion, Shatter the Chains


You were on level 9 of the Dungeon.
You worshipped Ashenzari.
Ashenzari was aware of your devotion.
You were a tree.
You visited 2 branches of the dungeon, and saw 10 of its levels.

You collected 447 gold pieces.


Innate Abilities, Weirdness & Mutations

You are a tree.
Your roots penetrate the ground, keeping you stationary.
You cannot be teleported.
You are immune to unholy pain and torment.
Your maximum health is greatly increased.
Your equipment is partially melded.
((You are very nimble when in or above water. (Stealth+, EV+, Speed+++)))
((Your lower body shifts to a powerful aquatic tail in water.))


   Skills:
 + Level 6.0 Fighting
 + Level 9.0 Polearms
 + Level 2.8 Armour
 + Level 7.5 Dodging
 - Level 3.2 Unarmed Combat
 - Level 6.9 Spellcasting
 - Level 9.8 Transmutations


You had 16 spell levels left.
You knew the following spells:

 Your Spells              Type           Power      Damage    Failure   Level
a - Beastly Appendage     Tmut           78%        N/A       1%          1
b - Wereblood             Tmut           39%        N/A       1%          2
c - Spider Form           Tmut/Pois      22%        N/A       4%          3

Your spell library contained the following spells:

 Spells                   Type           Power      Damage    Failure   Level
 Foxfire                  Conj/Fire      20%        2x1d5     12%         1
 Ice Form                 Ice/Tmut       22%        N/A       16%         4
 Conjure Flame            Conj/Fire      5%         6-21      34%         3
 Inner Flame              Hex/Fire       5%         N/A       34%         3
 Stone Arrow              Conj/Erth      10%        3d7       34%         3
 Animate Armour           Summ/Erth      10%        N/A       75%         4
 Flame Wave               Conj/Fire      5%         2d5       75%         4
 Lehudib's Crystal Spear  Conj/Erth      2%         10d2      100%        8

Inventory:

Hand Weapons
 i - a +1 whip of venom {mace}
   (You found it on level 1 of the Dungeon)
 l - the +8 lance "Wyrmbane" (weapon) {slay drac, rPois rF+ rC+ AC+3}
   (You found it on level 2 of the Dungeon)

   It inflicts extra damage against dragons and draconians.
   AC:        It affects your AC (+3).
   rF:        It protects you from fire.
   rC:        It protects you from cold.
   rPois:     It protects you from poison.
 G - the +5 dagger of Fixation {drain, rPois, short}
   (You took it off an orc on level 8 of the Dungeon)

   A truly terrible weapon, it drains the life of any living foe it strikes.
   rPois:     It protects you from poison.
Missiles
 d - 50 bolts
 n - 110 arrows
 q - 7 boomerangs {throwing}
 r - 155 stones {throwing}
 A - 45 sling bullets
 K - 21 silver boomerangs {throwing}
Armour
 a - a +0 robe
 f - the cursed +0 pair of boots of Ashenzari's Paranoia (melded) {Fort, Alch}
   (You found it on level 6 of the Dungeon)

   It has a curse which improves the following skills: Fortitude: Armour and
   Shields.
   Alchemy:   Poison Magic and Transmutations.
 m - +0 fire dragon scales (melded)
   (You found it on level 2 of the Dungeon)
 x - the cursed +2 cloak "Unveiling Yoke" (melded) {Melee, Elem}
   (You found it on level 4 of the Dungeon)

   It has a curse which improves the following skills: Melee Combat: Short
   Blades, Long Blades, Axes, Maces & Flails, Polearms, Staves and Unarmed
   Combat.
   Elements:  Fire Magic, Ice Magic, Air Magic and Earth Magic.
Magical Staves
 o - a staff of conjuration {!a@e2staff}
   (You found it on level 2 of the Dungeon)
Jewellery
 y - an amulet of faith (around neck) {!P}
   (You found it on level 4 of the Dungeon)
 I - a +6 ring of dexterity (left branch)
   (You found it on level 8 of the Dungeon)
Wands
 C - a wand of paralysis (6)
   (You found it on level 7 of the Dungeon)
 F - a wand of flame (39)
   (You found it on level 7 of the Dungeon)
Scrolls
 e - 2 scrolls of enchant weapon
 g - a scroll of torment {!r}
 t - a scroll of fear
 u - a scroll of summoning
 v - 4 scrolls of teleportation {@r4}
 w - 2 scrolls of fog
 z - a scroll of magic mapping {!r}
 B - 3 scrolls of immolation {!r!r}
 D - a scroll of noise {!r}
 H - a scroll of identify {@r1}
Potions
 b - 2 potions of brilliance
 c - 2 potions of degeneration {!q@e2}
 h - 4 potions of curing {@q1}
 j - 3 potions of flight
 k - a potion of ambrosia
 p - a potion of berserk rage {!q}
 s - 2 potions of lignification {!q}
 E - a potion of mutation {!q}
 J - a potion of attraction {!q}

Dungeon Overview and Level Annotations

Branches:
Dungeon (9/15)             Temple (1/1) D:4
   Lair: D:8-11         Orc: D:9-12

Altars:
Ashenzari
Cheibriados
Dithmenos
Elyvilon
Fedhas
Gozag
Hepliaklqana
Kikubaaqudgha
Makhleb
Nemelex Xobeh
Okawaru
Qazlal
Ru
Trog
Uskayaw
Vehumet
Wu Jian
Xom
Yredelemnul
Zin
The Shining One

Shops:
D:2 (   D:3 * D:7

* #... ...... ... ........
#.. ...... #..
#..###...###......
###....#....#......# ..
#..................# . ...
#............# #..# ..
...##...#.......###..##...
...#.##.^.......♣.........
......)........o{O........
#..............oo.........
#...........#............#
..##........##...........#
##........................
...#......................
..###.....................
..###.....................


You could see a two-headed ogre, an orc warrior and 2 orcs.


Message History

The splash of acid hits you! 😕 HP[-7]
You take 7 damage, and now have 69/76 hp.
The acid dragon closely misses you.
The acid dragon barely misses you. 😕 HP[+1]
You puncture the acid dragon!
The acid dragon convulses!
You barely miss the acid dragon.
The acid dragon bites you but does no damage.
The acid dragon claws you but does no damage. 😕 MP[+1]
Your mp is fully restored (20).
You closely miss the acid dragon. You barely miss the acid dragon.
The acid dragon closely misses you.
The acid dragon claws you but does no damage.
You hit the acid dragon.
The acid dragon convulses.
The acid dragon barely misses you.
The acid dragon claws you but does no damage.
You closely miss the acid dragon. You hit the acid dragon.
You kill the acid dragon!
The +0 acid dragon scales are intact enough to wear.
Your Polearms skill increases to level 9! 😕 HP[+1]
Things that are here:
+0 acid dragon scales; an acid dragon corpse
r - 155 stones {throwing} (gained 20)
Your transformation is almost over.
You now have 439 gold pieces (gained 24).
Your horns disappear.
The cursed +0 pair of boots of Ashenzari's Paranoia {Fort, Alch} unmelds from your body.
You now have 447 gold pieces (gained 8).
h - 5 potions of curing {@q1} (gained 1)
An orc comes into view. It is wielding a +0 dagger.
The orc shouts!
An orc warrior comes into view. It is wielding a +0 halberd. 😎 HP[+5]
Your hp is fully restored (76).
You grow a pair of large bovine horns.
The cursed +0 pair of boots of Ashenzari's Paranoia {Fort, Alch} melds into your body.
The orc warrior shouts!
An orc wizard comes into view. It is wielding a +0 dagger. 😎 MP[-1]
You lost 1 mp, and now have 19/20 mp.
Casting: Beastly Appendage (safe; 1% risk of failure)
Confirm with . or Enter, or press ? or * to list all spells.
Your blood is infused with primal strength.
The orc wizard shouts!
The orc wizard mumbles some strange words.
The orc wizard flickers and vanishes!
Deactivating autopickup; reactivate with Ctrl-A. 😎 MP[-2]
You lost 2 mp, and now have 17/20 mp.
A two-headed ogre and an orc come into view.
The two-headed ogre shouts in stereo!
The orc shouts! 😎 MP[+1]
You are confused.
The orc hits you but does no damage. The orc closely misses you.
The two-headed ogre hits you with a +0 giant club!!
The two-headed ogre hits you with a +0 giant spiked club.
The orc warrior hits you from afar with a +0 halberd!
* * * LOW HITPOINT WARNING * * *
😨 HP[-45]
You take 45 damage, and now have 31/76 hp.
MASSIVE DAMAGE!! (PAUSE) Really quaff the potion of lignification?
Your horns disappear.
The cursed +0 pair of boots of Ashenzari's Paranoia {Fort, Alch} unmelds from your body.
You turn into a tree.
The cursed +2 cloak "Unveiling Yoke" {Melee, Elem} melds into your body.
The cursed +0 pair of boots of Ashenzari's Paranoia {Fort, Alch} melds into your body.
Your +0 fire dragon scales melds into your body.
Your roots penetrate the ground.
The orc hits you but does no damage. The orc warrior barely misses you.
The two-headed ogre hits you but does no damage.
The two-headed ogre hits you with a +0 giant spiked club.
* * * LOW HITPOINT WARNING * * *
😨 HP[+10]
You now have 114 max hp (+38).
You regained 10 hp, and now have 41/114 hp.
You are too confused!
You feel better. The orc hits you but does no damage.
The orc warrior hits you from afar with a +0 halberd.
* * * LOW HITPOINT WARNING * * *
😨 HP[+7] MP[+1]
You regained 7 hp, and now have 48/114 hp.
You puncture the two-headed ogre!
The two-headed ogre hits you with a +0 giant club!
* * * LOW HITPOINT WARNING * * *
The two-headed ogre hits you but does no damage. 😨 HP[-17]
You take 17 damage, and now have 31/114 hp.
You puncture the two-headed ogre!
The orc warrior hits you but does no damage.
You hit the two-headed ogre. The orc hits you with a +0 war axe.
* * * LOW HITPOINT WARNING * * *
The two-headed ogre hits you with a +0 giant club!!
* * * LOW HITPOINT WARNING * * *
The two-headed ogre hits you with a +0 giant spiked club!
You die...

Skill      XL: |  1  2  3  4  5  6  7  8  9 10 |
---------------+-------------------------------+-----
Transmutations | 3 4 5 6 7 9 |  9.8
Polearms       | 1 2 3 4 6 8 9 |  9.0
Spellcasting   | 3 4 5 6 |  6.9
Fighting       | 2 3 5 6 |  6.0
Dodging        | 3 4 6 7 |  7.5
Armour         | 1 2 |  2.8
Unarmed Combat | |  3.2

Action                   |  1- 3 |  4- 6 |  7- 9 | 10-12 || total
-------------------------+-------+-------+-------+-------++-------
Melee: Unarmed           |    61 |       |       |       ||    61
       Headbutt          |    12 |     9 |    31 |     9 ||    61
       Lance             |    21 |    78 |   304 |   102 ||   505
       Whip              |     4 |       |       |       ||     4
       Punch             |       |     2 |     9 |     5 ||    16
 Cast: Beastly Appendage |    17 |    14 |    25 |     6 ||    62
       Wereblood         |       |     3 |    11 |     5 ||    19
       Spider Form       |       |       |     1 |       ||     1
Invok: Curse Item        |       |       |     1 |     1 ||     2
  Use: Scroll            |       |       |    10 |       ||    10
       Potion            |       |       |     1 |     2 ||     3
 Stab: Sleeping          |     1 |     2 |       |       ||     3
Armor: Robe              |     9 |    22 |    70 |       ||   101
       Fire dragon scale |     4 |       |    23 |    44 ||    71
       Skin              |       |       |       |     5 ||     5
Dodge: Dodged            |    40 |    55 |   160 |    39 ||   294

Levels and vault maps discovered:
D:1:      minmay_arrival_glassed_features, layout_basic,
          ebering_ecumenical_altar_ruins, hangedman_decor_clover_reticule
D:2:      layout_basic, serial_forest, infiniplex_forest_lined_2,
          infiniplex_forest_lined_1, infiniplex_forest_end_2,
          infiniplex_forest_end_2, infiniplex_forest_lined_room_3,
          infiniplex_forest_clump_C, infiniplex_forest_lined_2,
          infiniplex_forest_straight_2, infiniplex_forest_lined_room_2,
          serial_shops, nicolae_shop_advertising_works
          [nicolae_subvault_shop_adworks], minmay_goblin_kobold_house
D:3:      layout_rooms, serial_shops, shop_coins, st_stairs_11, minivault_26,
          minmay_unequal
D:4:      layout_rooms, minmay_temple_entry_tees, kennysheep_generic_room_5
D:5:      layout_basic
D:6:      layout_loops_ring, nicolae_overflow_hallway_of_the_gods,
          eat_drink_and_be_merry_uskayaw, uniq_grinder
D:7:      layout_gridville, serial_shops, shop
D:8:      layout_basic, vehumet_altar_wand_db, enter_bailey_3,
          minmay_unpleasant_kobolds, uniq_grum
D:9:      layout_cave_pools
Temple:   eino_temple_water

Notes
Turn   | Place    | Note
-------+----------+-------------------------------------------
     0 | D:1      | GrayStillPlays the Merfolk Transmuter began the quest for
                  | the Orb.
     0 | D:1      | Reached XP level 1. HP: 15/15 MP: 3/3
     0 | D:1      | magus.rc [v1.9.6]
   214 | D:1      | Reached skill level 3 in Transmutations
   214 | D:1      | Found a faded altar of an unknown god.
   216 | D:1      | Reached XP level 2. HP: 13/21 MP: 3/5
   401 | D:1      | You pick up a book of Armaments and begin reading...
   401 | D:1      | You add the spells Stone Arrow, Animate Armour and
                  | Lehudib's Crystal Spear to your library.
   522 | D:1      | You pick up a book of Flames and begin reading...
   522 | D:1      | You add the spells Foxfire, Conjure Flame, Inner Flame and
                  | Flame Wave to your library.
   956 | D:1      | Reached XP level 3. HP: 26/27 MP: 4/6
  1445 | D:2      | Found the +8 lance "Wyrmbane" {slay drac, rPois rF+ rC+
                  | AC+3}
  1842 | D:2      | Found Mydue's Antique Weapon Shop.
  2036 | D:2      | Learned a level 2 spell: Wereblood
  2409 | D:2      | Reached skill level 1 in Polearms
  2409 | D:2      | Reached skill level 4 in Transmutations
  2409 | D:2      | Reached XP level 4. HP: 21/33 MP: 8/8
  2662 | D:3      | HP: 8/33 [goblin (2)]
  3056 | D:3      | Reached skill level 3 in Spellcasting
  3063 | D:3      | Noticed a centaur
  3073 | D:3      | Killed a centaur
  3074 | D:3      | Reached skill level 2 in Polearms
  3074 | D:3      | Reached skill level 5 in Transmutations
  3074 | D:3      | Reached XP level 5. HP: 35/38 MP: 7/10
  3100 | D:3      | Found Lausuj's Assorted Antiques.
  3379 | D:3      | Reached XP level 6. HP: 31/44 MP: 11/11
  3959 | D:4      | Found a staircase to the Ecumenical Temple.
  3967 | Temple   | Entered the Ecumenical Temple
  4479 | D:4      | Reached skill level 3 in Polearms
  4479 | D:4      | Reached skill level 4 in Spellcasting
  4609 | D:4      | Reached skill level 6 in Transmutations
  4721 | D:4      | Noticed a black bear
  4730 | D:4      | Killed a black bear
  4731 | D:4      | Reached XP level 7. HP: 42/49 MP: 11/13
  4901 | D:5      | Entered Level 5 of the Dungeon
  4945 | D:5      | Reached skill level 4 in Polearms
  5312 | D:5      | Reached skill level 7 in Transmutations
  5314 | D:5      | Reached skill level 5 in Spellcasting
  5961 | D:5      | Reached skill level 2 in Fighting
  5961 | D:5      | Reached skill level 3 in Dodging
  5961 | D:5      | Reached XP level 8. HP: 30/56 MP: 14/16
  6108 | D:5      | Learned a level 3 spell: Spider Form
  6204 | D:5      | Reached skill level 5 in Polearms
  6584 | D:5      | HP: 9/57 [orc warrior (16)]
  6707 | D:5      | Reached skill level 8 in Transmutations
  7035 | D:6      | Noticed Grinder
  7094 | D:6      | Killed Grinder
  7231 | D:6      | Reached skill level 3 in Fighting
  7231 | D:6      | Reached skill level 4 in Dodging
  7244 | D:6      | Reached skill level 6 in Spellcasting
  7428 | D:6      | Found a glowing golden altar of the Shining One.
  7434 | D:6      | Found a broken altar of Ashenzari.
  7436 | D:6      | Found an ornate altar of the Wu Jian Council.
  7438 | D:6      | Became a worshipper of Ashenzari the Shackled
  7439 | D:6      | Found a sacrificial altar of Ru.
  7445 | D:6      | Found a stormy altar of Qazlal.
  7455 | D:6      | HP: 11/58 [ice beast (11)]
  7568 | D:5      | Reached skill level 6 in Polearms
  7715 | D:6      | Reached skill level 9 in Transmutations
  7715 | D:6      | Reached XP level 9. HP: 55/64 MP: 18/18
  8348 | D:6      | Reached skill level 5 in Dodging
  8646 | D:6      | Found a hide-covered altar of Uskayaw.
  8723 | D:6      | Reached skill level 4 in Fighting
  9074 | D:6      | Reached skill level 7 in Polearms
  9584 | D:7      | Reached skill level 1 in Armour
  9778 | D:7      | Found Zuased's Assorted Antiques.
  9848 | D:7      | Reached skill level 6 in Dodging
  9926 | D:8      | Noticed Grum
  9938 | D:9      | HP: 16/67 [wolf[Grum] (5)]
  9940 | D:9      | HP: 5/67 [wolf[Grum] (5)]
 10212 | D:7      | Reached skill level 5 in Fighting
 10800 | D:8      | Reached skill level 8 in Polearms
 10800 | D:8      | Reached XP level 10. HP: 53/74 MP: 17/20
 10804 | D:8      | Killed Grum
 10805 | D:8      | Reached skill level 2 in Armour
 11823 | D:8      | Found a radiant altar of Vehumet.
 11826 | D:8      | Identified the +5 dagger of Fixation {drain, rPois}
 11847 | D:8      | Reached skill level 7 in Dodging
 12194 | D:8      | Reached * piety under Ashenzari
 12483 | D:8      | Identified the cursed +0 pair of boots of Ashenzari's
                  | Paranoia {Fort, Alch} (You found it on level 6 of the
                  | Dungeon)
 12548 | D:8      | Reached skill level 6 in Fighting
 12642 | D:9      | Reached skill level 9 in Polearms
 12703 | D:9      | Noticed a two-headed ogre
 12715 | D:9      | HP: 27/114 [orc (4)]
 12715 | D:9      | HP: 3/114 [two-headed ogre (24)]
 12715 | D:9      | Mangled by a two-headed ogre

Vanquished Creatures
  Grinder (D:6)
  Grum (D:8)
  An acid dragon (D:9)
  A water moccasin (D:5)
  2 orc warriors
  4 ice beasts
  2 black bears
  2 sky beasts
  2 ogres (D:6)
  3 necrophages
  4 wolves
  2 centaurs
  3 kobold brigands (D:8)
  2 phantoms
  2 scorpions
  A water moccasin skeleton (D:5)
  17 wights
  A bullfrog zombie (D:5)
  2 centaur zombies
  2 hounds
  2 orc priests
  A jelly (D:6)
  3 centaur skeletons
  An iguana (D:5)
  8 orc wizards
  A killer bee zombie (D:7)
  A hound skeleton (D:4)
  A howler monkey zombie (D:6)
  8 gnolls
  A howler monkey skeleton (D:7)
  5 adders
  2 white imps (D:6)
  3 worms
  19 orcs
  5 bats
  8 endoplasms
  2 giant cockroaches
  16 goblins
  9 hobgoblins
  4 jackals
  7 kobolds
  2 quokkas
  6 ball pythons
  A frilled lizard (D:1)
  4 rats
175 creatures vanquished.

Vanquished Creatures (others)
  2 plants (D:2)
2 creatures vanquished.

Grand Total: 177 creatures vanquished

Table legend:
 A = Non-vault XP
 B = Vault XP
 C = Vault XP percentage of total XP
 D = Non-vault monster count
 E = Vault monster count
 F = Vault count percentage of total count
                 A         B        C        D         E       F
            +---------+---------+-------+---------+---------+-------
      Total |    5070 |    1274 |  20.1 |     145 |      30 |  17.1
            +---------+---------+-------+---------+---------+-------
        D:1 |      37 |       0 |   0.0 |      22 |       0 |   0.0
        D:2 |      49 |      10 |  16.9 |      11 |       5 |  31.2
        D:3 |     241 |      13 |   5.1 |      20 |       6 |  23.1
        D:4 |     310 |       4 |   1.3 |      10 |       2 |  16.7
        D:5 |     961 |       0 |   0.0 |      16 |       0 |   0.0
        D:6 |    1710 |     281 |  14.1 |      32 |       1 |   3.0
        D:7 |     549 |     115 |  17.3 |      12 |       1 |   7.7
        D:8 |    1056 |     736 |  41.1 |      21 |      14 |  40.0
        D:9 |     157 |     115 |  42.3 |       1 |       1 |  50.0
            +---------+---------+-------+---------+---------+-------

Illustrated notes

Table legend:
 A = Kills in this place as a percentage of kills in entire the game.
 B = Kills by you in this place as a percentage of kills by you in the entire game.
 C = Kills by friends in this place as a percentage of kills by friends in the entire game.
 D = Other kills in this place as a percentage of other kills in the entire game.
 E = Experience gained in this place as a percentage of experience gained in the entire game.
 F = Experience gained in this place divided by the number of levels of this place that you have seen.
                   A       B       C       D       E      F
               +-------+-------+-------+-------+-------+----------------------
         Total | 100.0 | 100.0 |   N/A |   N/A | 100.0 | 634.4
       Dungeon | 100.0 | 100.0 |   N/A |   N/A | 100.0 | 704.9
               +-------+-------+-------+-------+-------+----------------------

Table legend: (Time is in decaauts)
 A = Elapsed time spent in this place.
 B = Non-inter-level travel time spent in this place.
 C = Inter-level travel time spent in this place.
 D = Time resting spent in this place.
 E = Time spent auto-exploring this place.
 F = Levels seen in this place.
 G = Mean time per level.
                   A        B        C        D        E       F      G
               +--------+--------+--------+--------+--------+-----+--------+
         Total |  12452 |  11964 |    488 |   4670 |   4919 |  10 | 1245.2 |
       Dungeon |  12136 |  11648 |    488 |   4670 |   4687 |   9 | 1348.4 |
        Temple |    316 |    316 |      0 |      0 |    232 |   1 |  316.0 |
               +--------+--------+--------+--------+--------+-----+--------+

Top non-repeatable levels by time:
     D:5: 2235 daAuts
     D:7: 1895 daAuts
     D:6: 1881 daAuts
     D:2: 1786 daAuts
     D:1: 1350 daAuts
     D:8: 1195 daAuts
     D:3: 743 daAuts
     D:4: 698 daAuts
     D:9: 349 daAuts
  Temple: 316 daAuts
